 Seeded DCSS version 0.27.1-33-g824d729ab1 (webtiles) character file.

Game seed: 12899211509202430853 (custom seed)

2690 pancakes the Thaumaturge (level 9, 58/66 HPs)
             Began as a Gnoll Hedge Wizard on Dec 2, 2021.
             Was an Elder of Qazlal.
             Quit the game on level 7 of the Dungeon.
             The game lasted 01:16:24 (10031 turns).

pancakes the Thaumaturge (Gnoll Hedge Wizard)      Turns: 10031, Time: 01:16:25

Health: 58/66      AC:  5    Str: 16    XL:     9   Next: 64%
Magic:  11/21      EV: 14    Int: 17    God:    Qazlal [****..]
Gold:   377        SH: 10    Dex: 14    Spells: 14/25 levels left

rFire    + + .     SeeInvis .   a - +2 short sword (venom)
rCold    . . .     Faith    .   (no shield)
rNeg     . . .     Spirit   .   M - +1 robe of Activism {rF+ Will++}
rPois    .         Reflect  +   c - +0 hat
rElec    +         Harm     .   y - +0 cloak "Avatoq" {*Slow rF+ Str+7}
rCorr    .         Rampage  .   P - +0 pair of gloves of Qoten {rElec Regen+ Dex+2}
Will     ++...                  (no boots)
Stlth    ++........             l - amulet of reflection
HPRegen  1.21/turn              (no ring)
MPRegen  0.17/turn              (no ring)

@: repel missiles
A: fangs 1, strong nose, distributed training
a: Renounce Religion, Upheaval, Elemental Force


You were on level 7 of the Dungeon.
You worshipped Qazlal.
Qazlal was greatly pleased with you.
You visited 1 branch of the dungeon, and saw 7 of its levels.
You also visited: Sewer.

You collected 377 gold pieces.

Inventory:

Hand Weapons
 a - a +2 short sword of venom (weapon)
 q - a +0 war axe of freezing
 G - a +0 war axe of flaming
 K - a +0 flail of draining
Missiles
 e - 24 poisoned darts
 h - 248 stones
 i - 100 sling bullets
 o - 66 arrows
 A - 31 bolts
 H - 4 boomerangs
Armour
 b - a scarf of shadows
 c - a +0 hat (worn)
 y - the +0 cloak "Avatoq" (worn) {*Slow rF+ Str+7}
   (You found it on level 5 of the Dungeon)

   Str:       It affects your strength (+7).
   rF:        It protects you from fire.
   *Slow:     It may slow you when you take damage.
 M - the +1 robe of Activism (worn) {rF+ Will++}
   (You took it off an orc on level 6 of the Dungeon)

   rF:        It protects you from fire.
   Will:      It greatly increases your willpower.
 P - the +0 pair of gloves of Qoten (worn) {rElec Regen+ Dex+2}
   (You found it on level 7 of the Dungeon)

   Dex:       It affects your dexterity (+2).
   rElec:     It insulates you from electricity.
   Regen:     It increases your rate of health regeneration.
Magical Staves
 m - a staff of cold
Jewellery
 l - an amulet of reflection (around neck)
 B - an amulet of faith
 Q - a ring of wizardry
Wands
 p - a wand of iceblast (13)
 w - a wand of paralysis (10)
 O - a wand of charming (12)
Scrolls
 d - 4 scrolls of teleportation {unknown}
 f - a scroll of enchant weapon {unknown}
 g - 2 scrolls of fog {unknown}
 j - a scroll of amnesia {unknown}
 k - a scroll of vulnerability {unknown}
 n - 2 scrolls of blinking
 u - 4 scrolls of magic mapping {unknown}
 z - a scroll of holy word {unknown}
 C - 3 scrolls of fear {unknown}
 D - a scroll of summoning {unknown}
 F - 2 scrolls of noise
 L - a scroll of silence {unknown}
Potions
 r - a potion of curing
 s - 3 potions of lignification
 t - 2 potions of might
 v - 2 potions of attraction
 x - 2 potions of heal wounds {unknown}
 E - 5 potions of flight
 I - a potion of brilliance {unknown}
 J - a potion of berserk rage {unknown}
 N - a potion of resistance {unknown}


   Skills:
 + Level 4.4 Fighting
 + Level 4.4 Short Blades
 + Level 4.4 Long Blades
 + Level 4.4 Axes
 + Level 4.4 Maces & Flails
 + Level 4.4 Polearms
 + Level 4.4 Staves
 + Level 4.4 Slings
 + Level 4.4 Bows
 + Level 4.4 Crossbows
 + Level 4.4 Throwing
 + Level 4.4 Armour
 + Level 6.4 Dodging
 + Level 6.2 Stealth
 + Level 4.4 Shields
 + Level 4.4 Unarmed Combat
 + Level 8.5 Spellcasting
 + Level 4.3 Conjurations
 + Level 3.6 Hexes
 + Level 4.3 Summonings
 + Level 3.6 Necromancy
 + Level 4.3 Translocations
 + Level 3.6 Transmutations
 + Level 3.6 Fire Magic
 + Level 3.6 Ice Magic
 + Level 3.6 Air Magic
 + Level 3.6 Earth Magic
 + Level 3.6 Poison Magic
 + Level 4.9 Invocations
 + Level 4.4 Evocations


You had 14 spell levels left.
You knew the following spells:

 Your Spells              Type           Power      Damage    Failure   Level
b - Blink                 Tloc           N/A        N/A       2%          2
d - Mephitic Cloud        Conj/Pois/Air  20%        N/A       6%          3
e - Conjure Flame         Conj/Fire      20%        6-21      6%          3
n - Call Imp              Summ           21%        N/A       2%          2
s - Magic Dart            Conj           84%        1d7       1%          1

Your spell library contained the following spells:

 Spells                   Type           Power      Damage    Failure   Level
 Passwall                 Tmut/Erth      15%        N/A       3%          2
 Slow                     Hex            19%        N/A       3%          2
 Ozocubu's Armour         Ice            19%        N/A       7%          3
 Swiftness                Air            19%        N/A       7%          3
 Summon Lightning Spire   Summ/Air       20%        N/A       19%         4
 Cause Fear               Hex            9%         N/A       22%         4
 Iskenderun's Battlesphe  Conj           21%        2d7       43%         5
 Fireball                 Conj/Fire      10%        3d6       47%         5
 Starburst                Conj/Fire      10%        6d5       96%         6
 Invisibility             Hex            9%         N/A       98%         6
 Dragon Form              Tmut           9%         N/A       100%        7
 Ozocubu's Refrigeration  Ice            9%         4d6       100%        7
 Storm Form               Tmut/Air       9%         N/A       100%        7
 Maxwell's Capacitive Co  Air            9%         ∞         100%        8
 Dragon's Call            Summ           10%        N/A       100%        9


Dungeon Overview and Level Annotations

Branches:
Dungeon (7/15)             Temple (0/1) D:6           Sewer (visited)

Altars:
Elyvilon
Fedhas
Kikubaaqudgha
Nemelex Xobeh
Okawaru
Qazlal
Trog
Zin

Shops:
D:4 :

Annotations:
D:7 Menkaure


Innate Abilities, Weirdness & Mutations

You have very sharp teeth.
Your uncanny sense of smell can sniff out nearby items.
Your experience applies equally to all skills.


Message History

The ball explodes into a vile cloud!
The stinking cloud engulfs the orc warrior but does no damage.
The orc warrior is engulfed in noxious fumes.
The orc warrior appears confused.
You hit the orc warrior.
The orc warrior is poisoned.
You punch the orc warrior, but do no damage.
The orc warrior is moderately wounded.
The orc warrior is engulfed in noxious fumes.
The orc warrior is engulfed in blazing flames.
The orc warrior hits you with a +0 scimitar!
You hit the orc.
The orc is poisoned.
The orc is almost dead.
You block the orc's attack.
The orc warrior is engulfed in blazing flames.
The orc warrior hits you with a +0 scimitar!
You hit the orc.
You kill the orc!
Qazlal accepts your kill.
The orc warrior is engulfed in blazing flames.
You kill the orc warrior!
Qazlal accepts your kill.
You hit the orc but do no damage.
The orc is poisoned.
The orc hits you with a +0 club.
You hit the orc but do no damage.
The orc looks as sick as possible!
You kill the orc!
Qazlal accepts your kill.
Things that are here:
a +0 scimitar; a +0 plate armour
Q - a ring of wizardry
d - 4 scrolls labelled DYUREESHRYIR (gained 1)
You now have enough gold to buy Great Wizards, Vol.
VII on D:4.
You can access your shopping list by pressing '$'.
You now have 377 gold pieces (gained 27).
Things that are here:
a +0 club; a +0 plate armour; a +0 hand axe
Things that are here:
a +0 dagger; a +0 robe
Things that are here:
a +0 dagger; a +0 robe; an orc corpse Are you sure you want to abandon this character and quit the game? (Confirm with "yes".)

..................>....
###########.........#.
#..)..##.... #..)..#
.#. #...)§# # #..°..#
#.....## #......#
#.....@# ####..○.....#
##§......# #.......#
........# ###......#
#...#### ##..#


There were no monsters in sight!

Vanquished Creatures
  An ugly thing (D:6)
  A water moccasin (D:7)
  Duvessa (D:4)
  3 orc warriors
  An ice beast (D:5)
  5 ogres
  A sky beast (D:6)
  A black bear (D:5)
  A centaur (D:6)
  A necrophage (D:6)
  2 phantoms
  A kobold brigand (D:6)
  Dowan (D:4)
  4 hounds
  3 jellies
  A centaur skeleton (D:7)
  5 orc wizards
  3 iguanas
  A hound zombie (D:5)
  2 gnolls (D:3)
  9 adders
  2 river rats (D:4)
  A shadow imp (D:6)
  A white imp (D:5)
  5 worms
  3 dart slugs
  19 orcs
  4 ball pythons
  16 bats
  6 endoplasms
  7 giant cockroaches
  9 goblins
  4 hobgoblins
  4 jackals (Sewer)
  8 kobolds
  9 quokkas
  5 frilled lizards
  4 rats
155 creatures vanquished.

Vanquished Creatures (collateral kills)
  A jelly (D:5)
  Robin (D:3)
  2 gnolls
  2 goblins (D:3)
  A hobgoblin (D:3)
  A quokka (D:2)
8 creatures vanquished.

Vanquished Creatures (others)
  An orc (D:7)
1 creature vanquished.

Grand Total: 164 creatures vanquished

Notes
Turn   | Place    | Note
-------+----------+-------------------------------------------
     0 | D:1      | pancakes the Gnoll Hedge Wizard began the quest for the
                  | Orb.
     0 | D:1      | Reached XP level 1. HP: 13/13 MP: 8/8
   221 | D:1      | Reached XP level 2. HP: 19/19 MP: 3/10
  1029 | D:1      | Reached XP level 3. HP: 25/25 MP: 11/11
  1193 | D:2      | Learned a level 3 spell: Mephitic Cloud
  1197 | D:2      | Learned a level 3 spell: Conjure Flame
  1200 | D:2      | Learned a level 2 spell: Blink
  1203 | D:2      | Learned a level 2 spell: Call Imp
  1520 | D:2      | Reached skill level 1 in Invocations
  1833 | D:2      | Found a faded altar of an unknown god.
  1847 | D:2      | Became a worshipper of Qazlal Stormbringer
  1847 | D:2      | Reached * piety under Qazlal
  2136 | D:2      | Reached skill level 1 in Fighting
  2136 | D:2      | Reached skill level 1 in Short Blades
  2136 | D:2      | Reached skill level 1 in Long Blades
  2136 | D:2      | Reached skill level 1 in Axes
  2136 | D:2      | Reached skill level 1 in Maces & Flails
  2136 | D:2      | Reached skill level 1 in Polearms
  2136 | D:2      | Reached skill level 1 in Staves
  2136 | D:2      | Reached skill level 1 in Slings
  2136 | D:2      | Reached skill level 1 in Bows
  2136 | D:2      | Reached skill level 1 in Crossbows
  2136 | D:2      | Reached skill level 1 in Throwing
  2136 | D:2      | Reached skill level 1 in Armour
  2136 | D:2      | Reached skill level 1 in Shields
  2136 | D:2      | Reached skill level 1 in Unarmed Combat
  2136 | D:2      | Reached skill level 1 in Evocations
  2136 | D:2      | Reached XP level 4. HP: 32/32 MP: 7/13
  2645 | D:3      | Got Bipygago's Almanac of Combat Magic
  2802 | D:3      | Noticed Robin
  2855 | D:3      | Killed Robin
  2856 | D:3      | Reached skill level 1 in Hexes
  2856 | D:3      | Reached skill level 1 in Necromancy
  2856 | D:3      | Reached skill level 1 in Transmutations
  2856 | D:3      | Reached skill level 1 in Fire Magic
  2856 | D:3      | Reached skill level 1 in Ice Magic
  2856 | D:3      | Reached skill level 1 in Air Magic
  2856 | D:3      | Reached skill level 1 in Earth Magic
  2856 | D:3      | Reached skill level 1 in Poison Magic
  3327 | D:3      | Reached XP level 5. HP: 32/37 MP: 10/14
  3613 | D:3      | You fall into a shaft and drop 2 floors!
  3613 | D:5      | Entered Level 5 of the Dungeon
  3614 | D:5      | Noticed an ogre
  3658 | D:5      | Killed an ogre
  3675 | D:5      | Reached XP level 6. HP: 10/44 MP: 4/16
  3856 | D:5      | Reached ** piety under Qazlal
  4091 | D:5      | Identified the +0 cloak "Avatoq" {*Slow rF+ Str+7}
  4194 | D:4      | Noticed Duvessa
  4252 | D:4      | Reached skill level 5 in Dodging
  4436 | D:4      | Found a glowing drain.
  4456 | Sewer    | Entered a sewer
  5072 | Sewer    | Reached XP level 7. HP: 50/50 MP: 15/18
  5134 | Sewer    | Reached *** piety under Qazlal
  5465 | D:4      | Noticed Dowan
  5484 | D:4      | Killed Dowan
  5722 | D:4      | Killed Duvessa
  5849 | D:4      | Found Feryeblu's Book Shoppe.
  6512 | D:5      | Found a bloodstained altar of Trog.
  6513 | D:5      | Found a glowing silver altar of Zin.
  6548 | D:5      | Reached skill level 5 in Stealth
  6691 | D:5      | Found an ancient bone altar of Kikubaaqudgha.
  6691 | D:5      | Found a faded altar of an unknown god.
  6699 | D:5      | Found a sparkling altar of Nemelex Xobeh.
  6701 | D:5      | Found a white marble altar of Elyvilon.
  6703 | D:5      | Found an iron altar of Okawaru.
  6797 | D:5      | Reached XP level 8. HP: 57/57 MP: 16/19
  7299 | D:5      | Found a stormy altar of Qazlal.
  7721 | D:6      | Reached skill level 8 in Spellcasting
  8159 | D:6      | Noticed a white ugly thing
  8460 | D:6      | Killed a white ugly thing
  8461 | D:6      | Reached XP level 9. HP: 22/65 MP: 13/21
  8555 | D:6      | Identified the +1 robe of Activism {rF+ Will++}
  9029 | D:6      | Reached **** piety under Qazlal
  9292 | D:6      | Found a staircase to the Ecumenical Temple.
  9655 | D:7      | Noticed Menkaure
  9904 | D:7      | Found a blossoming altar of Fedhas.
  9988 | D:7      | Identified the +0 pair of gloves of Qoten {rElec Regen+
                  | Dex+2}
 10031 | D:7      | Quit the game

Illustrated notes

Levels and vault maps discovered:
D:1:      wander_arrival_estate, layout_loops_ring
D:2:      layout_basic, shapermc_ecumenical_altar_venn
D:3:      layout_loops_ring, ebering_dispersal_statue_hall,
          minmay_parallelograms, uniq_robin
D:4:      layout_loops_ring, gup_sewer_entry_bubbles, serial_shops, shop,
          uniq_duvessa
D:5:      layout_loops_ring, lemuel_coloured_pillars_altar,
          chequers_temple_overflow_minitemple, gammafunk_temple_overflow_statue
D:6:      layout_loops_ring, minmay_temple_entry_drinking_statues, st_stairs_13
D:7:      layout_basic, fedhas_altar_2, uniq_menkaure

Skill      XL: |  1  2  3  4  5  6  7  8  9 |
---------------+----------------------------+-----
Conjurations   | 2 3 4 |  4.3
Summonings     | 2 3 4 |  4.3
Translocations | 2 3 4 |  4.3
Invocations    | 1 2 3 4 |  4.9
Fighting       | 1 2 4 |  4.4
Short Blades   | 1 2 4 |  4.4
Long Blades    | 1 2 4 |  4.4
Axes           | 1 2 4 |  4.4
Maces & Flails | 1 2 4 |  4.4
Polearms       | 1 2 4 |  4.4
Staves         | 1 2 4 |  4.4
Slings         | 1 2 4 |  4.4
Bows           | 1 2 4 |  4.4
Crossbows      | 1 2 4 |  4.4
Throwing       | 1 2 4 |  4.4
Armour         | 1 2 4 |  4.4
Shields        | 1 2 4 |  4.4
Unarmed Combat | 1 2 4 |  4.4
Evocations     | 1 2 4 |  4.4
Hexes          | 1 2 3 |  3.6
Necromancy     | 1 2 3 |  3.6
Transmutations | 1 2 3 |  3.6
Fire Magic     | 1 2 3 |  3.6
Ice Magic      | 1 2 3 |  3.6
Air Magic      | 1 2 3 |  3.6
Earth Magic    | 1 2 3 |  3.6
Poison Magic   | 1 2 3 |  3.6
Dodging        | 5 6 |  6.4
Stealth        | 5 6 |  6.2
Spellcasting   | 8 |  8.5

Action                   |  1- 3 |  4- 6 |  7- 9 || total
-------------------------+-------+-------+-------++-------
Melee: Dagger            |    19 |    12 |    26 ||    57
       Bite              |     2 |    10 |    24 ||    36
       Short sword       |       |    71 |   145 ||   216
       Punch             |       |       |     6 ||     6
Throw: Stone             |     6 |     8 |    10 ||    24
       Dart              |       |    11 |    48 ||    59
 Cast: Magic Dart        |    84 |   141 |   116 ||   341
       Call Imp          |     2 |    12 |     3 ||    17
       Mephitic Cloud    |     1 |    13 |    39 ||    53
       Blink             |       |     1 |     1 ||     2
       Conjure Flame     |       |       |     6 ||     6
  Use: Scroll            |       |     3 |     2 ||     5
       Potion            |       |     1 |     1 ||     2
 Stab: Sleeping          |     1 |       |       ||     1
       Confused          |     1 |     6 |    16 ||    23
Armor: Robe              |     8 |    15 |    11 ||    34
Dodge: Dodged            |    25 |    71 |    62 ||   158
       Repelled          |       |       |     1 ||     1
Block: Other             |       |    40 |    55 ||    95
       Reflection        |       |       |     3 ||     3
